 Dungeon Crawl Stone Soup version 0.20.1-1-g8b1a95d (webtiles) character file.

7812 letownia2 the Reanimator (level 11, -3/92 (96) HPs)
             Began as a Deep Dwarf Necromancer on Dec 18, 2017.
             Was an Initiate of Gozag.
             Killed from afar by a gargoyle (25 damage)
             ... with a stone arrow
             ... on level 10 of the Dungeon.
             The game lasted 00:28:59 (9276 turns).

letownia2 the Reanimator (Deep Dwarf Necromancer)   Turns: 9276, Time: 00:29:00

HP:   -3/92 (96)    AC:  7    Str: 11    XL:     11   Next: 1%
MP:   24/24         EV: 12    Int: 21    God:    Gozag
Gold: 868           SH:  0    Dex: 16    Spells: 14/28 levels left

rFire    . . .     SeeInvis .   a - +1 halberd (protect)
rCold    . . .     Gourm    .   (shield currently unavailable)
rNeg     . . .     Faith    .   s - +3 leather armour of Wisdom {rPois Int+3 Dex+3}
rPois    +         Spirit   .   O - +0 helmet
rElec    .         Reflect  .   (no cloak)
rCorr    .         Harm     .   (no gloves)
MR       ++...                  (no boots)
Stlth    ++........             (no amulet)
Regen    0.0/turn               y - -2 ring of strength
MPRegen  0.2/turn               F - ring of protection from magic

@: gold aura, non-regenerating
A: damage resistance, heal wounds, sense surroundings 2, no regeneration
a: Heal Wounds, Potion Petition, Call Merchant, Bribe Branch, Renounce Religion


You were on level 10 of the Dungeon.
You worshipped Gozag.
Gozag was pleased with you.
You were not hungry.

You visited 3 branches of the dungeon, and saw 13 of its levels.

You collected 2006 gold pieces.
You paid 1138 gold pieces to Gozag.

Inventory:

Hand Weapons
 a - a +1 halberd of protection (weapon)
 b - a +1 scimitar of holy wrath
 j - a +0 short sword of speed
 v - the +1 whip of Blood {drain, Dex+4}
   (You found it on level 5 of the Dungeon)

   A truly terrible weapon, it drains the life of those it strikes.
   It affects your dexterity (+4).
 z - a +0 war axe
 K - a +0 dagger
Missiles
 k - 86 bolts
Armour
 o - the +5 ring mail "Yxahy" {+Inv MR+ rCorr Slay-5}
   (You found it on level 4 of the Dungeon)

   It affects your accuracy and damage with ranged weapons and melee attacks
   (-5).
   It affects your resistance to hostile enchantments.
   It lets you turn invisible.
   It protects you from acid and corrosion.
 p - a +0 ring mail
 s - the +3 leather armour of Wisdom (worn) {rPois Int+3 Dex+3}
   (You found it on level 4 of the Dungeon)

   It affects your intelligence (+3).
   It affects your dexterity (+3).
   It protects you from poison.
 C - a +1 plate armour of cold resistance
 O - a +0 helmet (worn)
 R - a +2 plate armour of fire resistance
Jewellery
 q - an uncursed ring of ice
 y - a -2 ring of strength (left hand)
 F - a ring of protection from magic (right hand)
Wands
 r - a wand of flame (0/48)
 t - a wand of digging (14/24)
 u - a wand of paralysis (4/24)
Scrolls
 d - 3 scrolls of magic mapping {unknown}
 e - 8 scrolls of teleportation
 g - 7 scrolls of remove curse
 i - 9 scrolls of identify
 m - 2 scrolls of blinking {unknown}
 w - a scroll of noise {unknown}
 x - 5 scrolls of amnesia {unknown}
 A - 5 scrolls of fog {unknown}
 E - 3 scrolls of enchant armour {unknown}
 H - 2 scrolls of enchant weapon {unknown}
 I - 2 scrolls of recharging {unknown}
 M - a scroll of vulnerability {unknown}
 P - a scroll of immolation {unknown}
 Q - 2 scrolls of fear {unknown}
Potions
 f - 2 potions of cancellation {unknown}
 n - 6 potions of lignification {unknown}
 B - 7 potions of curing {unknown}
 D - a potion of haste {unknown}
 G - 2 potions of flight {unknown}
 L - 3 potions of might {unknown}
 N - a potion of invisibility {unknown}
Miscellaneous
 h - a phial of floods
 J - a lamp of fire (inert)
Comestibles
 c - 6 bread rations
 l - 2 meat rations


   Skills:
 + Level 5.5 Fighting
 - Level 2.1 Dodging
 - Level 2.4 Stealth
 - Level 9.0 Spellcasting
 + Level 12.2 Necromancy
 - Level 6.7 Evocations


You had 14 spell levels left.
You knew the following spells:

 Your Spells              Type           Power        Failure   Level  Hunger
a - Pain                  Necr           ####         1%          1    None
d - Dispel Undead         Necr           ######..     1%          5    #####..
g - Agony                 Necr           ######..     1%          5    #####..
v - Vampiric Draining     Necr           ######....   1%          3    None


Dungeon Overview and Level Annotations

Branches:
Dungeon (10/15)            Temple (1/1) D:5            Lair (0/6) D:10
    Orc (2/2) D:10
    Elf: Orc:2

Altars:
Ashenzari
Dithmenos
Fedhas
Gozag
Hepliaklqana
Makhleb
Ru
Sif Muna
Trog
Vehumet
Yredelemnul
Beogh

Shops:
D:7 [   D:9 [

Annotations:
D:9 1 exclusion
Orc:1 Fannar


Innate Abilities, Weirdness & Mutations

You are resistant to damage.
You can heal yourself by infusing magical energy.
You passively map the area around you.
You do not regenerate.


Message History

Your weapon exudes an aura of protection.
The gargoyle is moderately damaged.
The phantom is engulfed in blazing flames.
You destroy the phantom!
The gargoyle completely misses you.
Unknown command.
You barely miss the gargoyle.
The gargoyle is moderately damaged.
The gargoyle barely misses you.
Unknown command.
You closely miss the gargoyle.
The gargoyle is moderately damaged.
The gargoyle is engulfed in blazing flames.
The gargoyle hurls a stone arrow at you.
The stone arrow hits you!
* * * LOW HITPOINT WARNING * * *
The gargoyle hurls a stone arrow at you.
The stone arrow hits you!
You die...
Your body crumbles into a pile of gold.

.........#.....#...##############
.....#...#.....'...#.....#...#...
.....#...#.....#...#.....#..>'...
.....#...#######...#.....#...#...
######.........#...#.....#...#...
.....#####.....########..#..#####
.........#.....#......#.....#....
>........'....§9§.....#.....#....
.........#.....#@.....#.....#....
#################################


You could see a gargoyle.

Vanquished Creatures
  2 two-headed ogres (D:10)
  Psyche (D:9)
  A troll (D:8)
  2 hippogriffs
  A wyvern (D:9)
  A steam dragon (D:9)
  3 hungry ghosts
  A black bear (D:9)
  3 necrophages
  3 ice beasts
  10 orc warriors
  An eye of draining (D:8)
  3 sky beasts
  2 ogres
  2 phantoms (D:10)
  5 centaurs
  A crocodile (D:9)
  4 bullfrogs
  A wyvern zombie (D:7)
  A gnoll sergeant (D:6)
  7 killer bees
  3 howler monkeys
  A bullfrog zombie (D:8)
  2 jellies
  5 hounds
  9 orc priests
  A bullfrog skeleton (D:6)
  11 orc wizards
  Ijyb (D:5)
  3 iguanas
  2 killer bee zombies
  7 worker ants
  A hound zombie (D:7)
  A worker ant zombie (D:8)
  12 gnolls
  8 adders
  An ooze (D:3)
  2 adder zombies
  3 adder skeletons
  A worm (D:5)
  A dart slug (D:2)
  6 leopard geckos
  44 orcs
  6 giant cockroaches
  7 goblins
  3 jackals (D:9)
  3 quokkas
  3 ball pythons
  6 bats
  A frilled lizard (D:4)
  7 kobolds
  A leopard gecko zombie (D:9)
  3 rats
220 creatures vanquished.

Notes
Turn   | Place    | Note
-------+----------+-------------------------------------------
     0 | D:1      | letownia2 the Deep Dwarf Necromancer began the quest for the Orb.
     0 | D:1      | Reached XP level 1. HP: 15/15 MP: 3/3
   348 | D:2      | Found a faded altar of an unknown god.
   541 | D:3      | Reached XP level 2. HP: 22/22 MP: 0/5
   715 | D:4      | Got a distressingly furry ring mail
   730 | D:4      | Identified the +5 ring mail "Yxahy" {+Inv MR+ rCorr Slay-5} (You found it on level 4 of the Dungeon)
   739 | D:4      | Reached skill level 5 in Necromancy
   739 | D:4      | Reached XP level 3. HP: 28/28 MP: 0/6
   744 | D:4      | Learned a level 3 spell: Vampiric Draining
   971 | D:4      | Found a radiant altar of Vehumet.
  1123 | D:4      | Got a sapphire-encrusted leather armour
  1134 | D:4      | Identified the +3 leather armour of Wisdom {rPois Int+3 Dex+3} (You found it on level 4 of the Dungeon)
  1167 | D:4      | Reached XP level 4. HP: 28/36 MP: 2/7
  1267 | D:5      | Entered Level 5 of the Dungeon
  1298 | D:5      | Noticed Ijyb
  1382 | D:5      | Reached skill level 6 in Necromancy
  1540 | D:5      | Found a staircase to the Ecumenical Temple.
  1541 | D:5      | Noticed a necrophage
  1570 | D:5      | Got a faintly glowing whip
  1575 | Temple   | Entered the Ecumenical Temple
  1594 | Temple   | Identified the +1 whip of Blood {drain, Dex+4} (You found it on level 5 of the Dungeon)
  1607 | Temple   | Became a worshipper of Gozag Ym Sagoz the Greedy
  1624 | Temple   | Killed a necrophage
  1624 | Temple   | Reached XP level 5. HP: 19/39 MP: 7/9
  1690 | D:5      | Killed Ijyb
  2152 | D:3      | Reached skill level 7 in Necromancy
  2207 | D:3      | Reached XP level 6. HP: 41/47 MP: 6/10
  2347 | D:3      | Found a hazy altar of Hepliaklqana.
  2464 | D:3      | Reached skill level 1 in Fighting
  2740 | D:2      | Found a radiant altar of Vehumet.
  2876 | D:2      | Found a burning altar of Makhleb.
  2969 | D:2      | Found a deep blue altar of Sif Muna.
  3904 | D:6      | Reached XP level 7. HP: 47/57 MP: 1/12
  3997 | D:6      | Reached skill level 8 in Necromancy
  4014 | D:6      | Learned a level 5 spell: Dispel Undead
  4235 | D:6      | Reached skill level 5 in Spellcasting
  4348 | D:6      | Found a blossoming altar of Fedhas.
  4350 | D:6      | Found a shattered altar of Ashenzari.
  4358 | D:6      | Reached XP level 8. HP: 60/64 MP: 16/16
  4601 | D:6      | Learned a level 5 spell: Agony
  4604 | D:7      | Noticed a hippogriff
  4615 | D:7      | Killed a hippogriff
  4917 | D:6      | Reached skill level 1 in Evocations
  5624 | D:8      | Gained mutation: You passively map the area around you. [Deep Dwarf growth]
  5624 | D:8      | Reached XP level 9. HP: 35/70 MP: 20/20
  5805 | D:8      | Reached skill level 5 in Evocations
  6054 | D:8      | Noticed a troll
  6098 | D:8      | Killed a troll
  6449 | D:9      | Reached skill level 9 in Necromancy
  6479 | D:9      | Noticed Psyche
  6487 | D:9      | Killed Psyche
  6642 | D:9      | Reached XP level 10. HP: 57/77 MP: 18/23
  6842 | D:9      | Noticed a six-headed hydra
  6866 | D:9      | Reached skill level 10 in Necromancy
  7165 | D:10     | Entered Level 10 of the Dungeon
  7384 | D:10     | Reached skill level 11 in Necromancy
  7565 | D:10     | Found a staircase to the Lair.
  7666 | D:10     | Noticed a two-headed ogre
  7996 | D:9      | Noticed an eight-headed hydra
  8123 | D:10     | Killed a two-headed ogre
  8475 | D:10     | Found a roughly hewn altar of Beogh.
  8475 | D:10     | Found a staircase to the Orcish Mines.
  8715 | D:10     | Noticed a two-headed ogre
  8739 | D:10     | Killed a two-headed ogre
  8739 | D:10     | Reached skill level 5 in Fighting
  8739 | D:10     | Reached skill level 12 in Necromancy
  8828 | Orc:1    | Entered Level 1 of the Orcish Mines
  8953 | Orc:1    | Noticed Fannar
  9048 | Orc:2    | Entered Level 2 of the Orcish Mines
  9048 | Orc:2    | Noticed an orc knight
  9148 | D:9      | Reached XP level 11. HP: 57/92 MP: 2/24
  9276 | D:10     | Killed from afar by a gargoyle

Skill      XL: |  1  2  3  4  5  6  7  8  9 10 |
---------------+-------------------------------+-----
Spellcasting   | 2 3 5 7 9 |  9.0
Necromancy     | 5 6 7 8 9 12 | 12.2
Fighting       | 2 5 |  5.5
Evocations     | 4 6 |  6.7
Dodging        | |  2.1
Stealth        | |  2.4

Action                   |  1- 3 |  4- 6 |  7- 9 | 10-12 || total
-------------------------+-------+-------+-------+-------++-------
Melee: Dagger            |    18 |     4 |       |       ||    22
       Whip              |       |    20 |    19 |       ||    39
       Halberd           |       |       |   206 |   147 ||   353
       Scimitar          |       |       |       |    10 ||    10
Throw: Throwing net      |       |       |       |     1 ||     1
 Cast: Pain              |    35 |    86 |    54 |     1 ||   176
       Vampiric Draining |       |    13 |    81 |   107 ||   201
Invok: Call Merchant     |       |       |     1 |     1 ||     2
Evoke: Wand              |       |     4 |     8 |     3 ||    15
       Lamp of fire      |       |       |       |     1 ||     1
  Use: Scroll            |       |     1 |     2 |       ||     3
 Stab: Distracted        |       |     1 |     1 |     1 ||     3
       Sleeping          |       |       |     4 |     1 ||     5
       Paralysed         |       |       |    20 |     5 ||    25
  Eat: Chunk             |     1 |     1 |       |       ||     2
       Fruit             |       |     4 |       |     4 ||     8
       Meat ration       |       |     1 |     2 |       ||     3
       Royal jelly       |       |       |       |     3 ||     3
Armor: Robe              |     6 |       |       |       ||     6
       Leather armour    |     4 |    16 |   122 |    93 ||   235
       Ring mail         |     3 |       |       |    39 ||    42
Dodge: Dodged            |    23 |    31 |   232 |   169 ||   455
       Rpst.: Scimitar   |       |       |       |     3 ||     3
